 Dungeon Crawl Stone Soup version 0.32-a0-576-g706899e69d (webtiles) character file.

Game seed: 1800681386621069712

14 BeKind the Chiller (level 2, -1/17 HPs)
             Began as an Octopode Ice Elementalist on Mar 1, 2024.
             Killed from afar by Sigmund (10 damage)
             ... with a magic dart
             ... on level 2 of the Dungeon.
             The game lasted 00:00:59 (820 turns).

BeKind the Chiller (Octopode Ice Elementalist)       Turns: 820, Time: 00:01:00

Health: -1/17      AC:  1    Str:  7    XL:     2   Next: 41%
Magic:  5/5        EV: 13    Int: 17    God:
Gold:   35         SH:  0    Dex: 12    Spells: 4/5 levels left

rFire   . . .        g - +0 dagger
rCold   . . .        (no shield)
rNeg    . . .        (helmet restricted)
rPois   .            (no amulet)
rElec   .            (no ring)
rCorr   .            (no ring)
SInv    .            (no ring)
Will    .....        (no ring)
Stlth   ++           (no ring)
HPRegen 0.22/turn    (no ring)
MPRegen 0.09/turn    (no ring)
                     (no ring)

%: no passive effects
@: confused
A: almost no armour, amphibious, 8 rings, camouflage 1, gelatinous body 1,
(nimble swimmer 1), tentacles
a: no special abilities


You were on level 2 of the Dungeon.
You visited 1 branch of the dungeon, and saw 2 of its levels.

You collected 35 gold pieces.

Inventory:

Hand Weapons
 g - a +0 dagger (weapon)
Scrolls
 b - a scroll of amnesia {unknown}
 d - a scroll of immolation {unknown}
 f - a scroll of noise {unknown}
 h - a scroll of summoning {unknown}
 i - a scroll of fear {unknown}
 j - a scroll of silence {unknown}
Potions
 a - a potion of magic
 c - 2 potions of curing {unknown}
 e - 2 potions of mutation {unknown}


   Skills:
 + Level 2.3 Dodging
 - Level 3.0 Stealth
 + Level 2.2 Spellcasting
 + Level 4.1 Ice Magic


You had 4 spell levels left.
You knew the following spells:

 Your Spells              Type           Power      Damage    Failure   Level
a - Freeze                Ice            64%        1d7       3%          1

Your spell library contained the following spells:

 Spells                   Type           Power      Damage    Failure   Level
 Frozen Ramparts          Ice            32%        1d5       10%         3
 Ozocubu's Armour         Ice            16%        N/A       10%         3
 Apportation              Tloc           2%         N/A       19%         1
 Necrotise                Necr           4%         1d4       19%         1
 Sting                    Conj/Alch      4%         1d3       19%         1
 Summon Small Mammal      Summ           4%         N/A       19%         1
 Summon Ice Beast         Ice/Summ       9%         N/A       24%         3


Dungeon Overview and Level Annotations

Branches:
Dungeon (2/15)

Altars:

Annotations:
D:2 Sigmund


Innate Abilities, Weirdness & Mutations

You cannot wear most types of armour.
You are amphibious.
You can wear up to eight rings at the same time.
Your skin changes colour to match your surroundings (Stealth+).
Your rubbery body absorbs attacks. (AC +1, EV +1)
((You are camouflaged when in or above water. (Stealth+)))
You have tentacles for arms and can constrict up to eight enemies at once.


Message History

There are monsters nearby!
The endoplasm quivers.
The endoplasm hits you.
You hit the endoplasm. You squeeze the endoplasm.
You kill the endoplasm!
The bat barely misses you. The bat barely misses you.
A bat is nearby!
You hit the bat. You grab the bat.
The bat is moderately wounded.
You constrict the bat.
You kill the bat!
HP restored.
You see here a bat corpse.
You now have 35 gold pieces (gained 15).
A dart slug comes into view.
Found a scroll labelled SAPNATT QUOF.
Sigmund the Dreaded comes into view.
He is wielding a +0 scythe.
There are monsters nearby!
There are monsters nearby!
Sigmund shouts!
Sigmund points at you and mumbles some strange words.
The magic dart hits you!
Ouch! That really hurt!
You see here a scroll labelled SAPNATT QUOF.
You are too injured to fight recklessly!
You are too injured to fight recklessly!
You are too injured to fight recklessly!
Sigmund gestures at you while chanting.
You are confused.
You're too confused to move!
You bump into the rock wall.
You bump into the rock wall.
Sigmund closely misses you.
You see here a scroll labelled SAPNATT QUOF.
You bump into the rock wall.
Sigmund points at you and mumbles some strange words.
The magic dart hits you!
Ouch! That really hurt!
You die...
Sigmund begins carving another notch in his scythe.

............####.###
...######.### #.#
...### #.# #.# ...# #.#
#.# #.####.# #.#
#.....†# #.# #.#######
#.# #.......# #@#
#.#####.#####@#
...##$......##.#
#.#####..........####.#
# #.........=.....#
#.........#######w#
#.#.......# #.#.......#
..........# #.#####.###


You could see Sigmund.

Vanquished Creatures
  A bat (D:2)
  An endoplasm (D:2)
  A giant cockroach (D:1)
  A goblin (D:1)
  A hobgoblin (D:1)
  3 ball pythons (D:1)
  2 frilled lizards (D:1)
  3 kobolds
  A rat (D:1)
14 creatures vanquished.

Notes
Turn   | Place    | Note
-------+----------+-------------------------------------------
     0 | D:1      | BeKind the Octopode Ice Elementalist began the quest for
                  | the Orb.
     0 | D:1      | Reached XP level 1. HP: 11/11 MP: 3/3
   340 | D:1      | Found a faded altar of an unknown god.
   518 | D:1      | Reached XP level 2. HP: 17/17 MP: 3/5
   811 | D:2      | Noticed Sigmund
   820 | D:2      | Killed from afar by Sigmund

Illustrated notes

Levels and vault maps discovered:
D:1:      minmay_arrival_jagged, layout_basic,
          dreamdust_ecumenical_altar_angels_and_demons
D:2:      layout_loops_ring, uniq_robin, uniq_sigmund

Skill      XL: |  1 |
---------------+----+-----
Stealth        | 3 |  3.0
Dodging        | |  2.3
Spellcasting   | |  2.2
Ice Magic      | |  4.1

Action                     || total
---------------------------++-------
  Melee: Constrict         ||     7
         Unarmed           ||     4
         Tentacles         ||     4
         Dagger            ||    12
   Cast: Freeze            ||     6
   Stab: Sleeping          ||     4
 Armour: Skin              ||    12
  Dodge: Dodged            ||     9

Table legend: (Time is in decaauts)
 A = Elapsed time spent in this place.
 B = Non-inter-level travel time spent in this place.
 C = Inter-level travel time spent in this place.
 D = Time resting spent in this place.
 E = Time spent auto-exploring this place.
 F = Levels seen in this place.
 G = Mean time per level.
                   A        B        C        D        E       F      G
               +--------+--------+--------+--------+--------+-----+--------+
         Total |    819 |    773 |     46 |      0 |    666 |   2 |  409.5 |
       Dungeon |    819 |    773 |     46 |      0 |    666 |   2 |  409.5 |
               +--------+--------+--------+--------+--------+-----+--------+

Top non-repeatable levels by time:
     D:1: 751 daAuts
     D:2: 67 daAuts
